 Dungeon Crawl Stone Soup version 0.29.0-13-gc9e81de378 (webtiles) character file.

Game seed: 7856921485792961056

30 freelancePsychic the Chopper (level 3, -2/29 (33) HPs)
             Began as a Hill Orc Fighter on Sept 11, 2022.
             Slain by Terence
             ... wielding the +7 Throatcutter {drain, coup de grace}
              (4 damage)
             ... on level 2 of the Dungeon.
             The game lasted 00:01:38 (800 turns).

freelancePsychic the Chopper (Hill Orc Fighter)      Turns: 800, Time: 00:01:38

HP:   -2/29 (33)    AC:  8    Str: 18    XL:     3   Next: 20%
MP:   3/3           EV:  9    Int:  8    God:
Gold: 73            SH:  4    Dex: 12    Spells: 2/2 levels left

rFire   + . .      SeeInvis .   a - +0 war axe
rCold   . . .      Faith    .   c - +0 buckler
rNeg    . . .      Spirit   .   b - +0 scale mail
rPois   .          Reflect  .   (no helmet)
rElec   .          Harm     .   (no cloak)
rCorr   .          Rampage  .   (no gloves)
Will    .....                   j - +0 pair of boots
Stlth   ..........              (no amulet)
HPRegen 0.09/turn               f - ring of protection from fire
MPRegen 0.08/turn               (no ring)

@: mighty, heavily drained
A: no striking features
a: no special abilities


You were on level 2 of the Dungeon.
You visited 1 branch of the dungeon, and saw 2 of its levels.

You collected 73 gold pieces.

Inventory:

Hand Weapons
 a - a +0 war axe (weapon)
Armour
 b - a +0 scale mail (worn)
 c - a +0 buckler (worn)
 j - a +0 pair of boots (worn)
Jewellery
 f - a ring of protection from fire (left hand)
Scrolls
 e - a scroll of teleportation {unknown}
 h - a scroll of enchant weapon {unknown}
 i - a scroll of magic mapping {unknown}
 l - 3 scrolls of identify {unknown}
Potions
 d - a potion of might
 g - a potion of curing {unknown}
 k - a potion of invisibility {unknown}


   Skills:
 + Level 4.1 Fighting
 * Level 4.2 Axes
 - Level 3.2 Armour
 - Level 3.2 Shields


You had 2 spell levels left.
You didn't know any spells.
Your spell library was empty.

Dungeon Overview and Level Annotations

Branches:
Dungeon (2/15)

Altars:

Annotations:
D:2 Terence


Message History

A goblin comes into view. It is wielding a +0 dagger.
Found a scroll labelled ILOGOPS TEAM.
The goblin shouts!
You block the goblin's attack.
Terence shouts!
You hit the goblin.
The goblin is moderately wounded.
The goblin closely misses you.
You slash the goblin!
You kill the goblin!
Terence closely misses you.
A goblin comes into view. It is wielding a +0 dagger.
The goblin shouts!
You hit Terence but do no damage.
Terence hits you with the +7 Throatcutter {drain, coup de grace}!
You feel drained.
The goblin unwields a +0 dagger.
The goblin wields a +0 sling.
The goblin shoots a sling bullet.
The sling bullet hits you.
You are too injured to fight recklessly!
You are too injured to fight recklessly!
You are too injured to fight recklessly!
You are too injured to fight recklessly!
You are too injured to fight recklessly!
You are too injured to fight recklessly!
You are too injured to fight recklessly!
You are too injured to fight recklessly!
You are too injured to fight recklessly!
You are too injured to fight recklessly!
You are too injured to fight recklessly!
You are too injured to fight recklessly!
You are too injured to fight recklessly!
Okay, then.
You feel very mighty all of a sudden.
Terence hits you with the +7 Throatcutter {drain, coup de grace}.
You feel drained.
You closely miss Terence.
Terence hits you with the +7 Throatcutter {drain, coup de grace}!
* * * LOW HITPOINT WARNING * * *
You feel drained.
You die...

#..................
#........#..........
#........#..........
#........#..........
#####..............#
##.####.)........
#..#####.........
#................
#........@@......
.?...............
.#....)..........
#...............
#.....#.........
...............#.
.##.#.###g....##
#.#. ..###.# . #. ##
.#


You could see Terence and a goblin.

Vanquished Creatures
  A dart slug (D:1)
  A ball python (D:2)
  5 bats
  A giant cockroach (D:2)
  2 goblins
  5 hobgoblins
  5 jackals (D:1)
  3 kobolds (D:1)
  2 rats (D:1)
25 creatures vanquished.

Notes
Turn   | Place    | Note
-------+----------+-------------------------------------------
     0 | D:1      | freelancePsychic the Hill Orc Fighter began the quest for
                  | the Orb.
     0 | D:1      | Reached XP level 1. HP: 19/19 MP: 1/1
    58 | D:1      | Reached XP level 2. HP: 27/27 MP: 2/2
   652 | D:2      | Reached XP level 3. HP: 33/33 MP: 3/3
   687 | D:2      | Noticed Terence
   800 | D:2      | Slain by Terence

Illustrated notes

Levels and vault maps discovered:
D:1:      lightli_arrival_isolated_outpost, layout_loops_ring,
          minmay_pentomino_s4
D:2:      layout_rooms, basic_altar, uniq_terence

Skill      XL: |  1  2 |
---------------+-------+-----
Axes           | 3 4 |  4.2
Fighting       | 4 |  4.1
Armour         | |  3.2
Shields        | |  3.2

Action                   || total
-------------------------++-------
Melee: War axe           ||    55
  Use: Potion            ||     1
Armor: Scale mail        ||    26
Dodge: Dodged            ||    34
Block: Buckler           ||    22
